 Dungeon Crawl Stone Soup version 0.31.0-32-g396128a36d (webtiles) character file.

Game seed: 6559685188931821776

52 Alphaeus the Ruffian (level 3, 0/33 HPs)
             Began as a Troll Shapeshifter on Mar 20, 2024.
             Slain by Crazy Yiuf
             ... wielding a +4 quarterstaff of chaos
              (10 damage)
             ... on level 2 of the Dungeon.
             The game lasted 00:01:39 (1239 turns).

Alphaeus the Ruffian (Troll Shapeshifter)           Turns: 1239, Time: 00:01:39

Health: 0/33       AC:  4    Str: 22    XL:     3   Next: 60%
Magic:  2/2        EV:  9    Int:  8    God:
Gold:   66         SH:  0    Dex:  9    Spells: 2/2 levels left

rFire   . .          .
                       - Unarmed
rCold   . . .        (no shield)
rNeg    . . .        a - +0 animal skin
rPois   .            (helmet currently unavailable)
rElec   .            (cloak currently unavailable)
rCorr   .            (gloves unavailable)
SInv    .            (boots unavailable)
Will    .....        (no amulet)
Stlth   +            (no ring)
HPRegen 1.05/turn    (no ring)
MPRegen 0.08/turn

%: no passive effects
@: beast-form
A: beast (slay +2), large, unfitting armour, claws 3, regeneration 1, shaggy fur
1, tough skin 1
a: Begin Untransformation


You were on level 2 of the Dungeon.
You were a hulking beast.
You visited 1 branch of the dungeon, and saw 2 of its levels.

You collected 126 gold pieces.
You spent 60 gold pieces at shops.

Inventory:

Armour
 a - a +0 animal skin (worn)
Jewellery
 j - a ring of positive energy
Talismans
 c - a beast talisman
 d - a flux talisman
Scrolls
 e - a scroll of amnesia {unknown}
 f - a scroll of enchant armour {unknown}
 g - a scroll of teleportation {unknown}
 l - 3 scrolls of identify {unknown}
 m - a scroll of poison {unknown}
Potions
 b - 3 potions of lignification
 h - a potion of resistance {unknown}
 i - a potion of brilliance {unknown}
 k - 2 potions of mutation {unknown}
 n - a potion of heal wounds


   Skills:
 + Level 1.4 Fighting
 - Level 1.5 Dodging
 * Level 3.7 Unarmed Combat
 * Level 3.6 Shapeshifting


You had 2 spell levels left.
You didn't know any spells.
Your spell library was empty.

Dungeon Overview and Level Annotations

Branches:
Dungeon (2/15)

Altars:

Shops:
D:2 *(=*

Annotations:
D:2 Crazy Yiuf


Innate Abilities, Weirdness & Mutations

You are a hulking beast.
Your limbs bulge with bestial killing power. (Slay +2)
You are too large for most types of armour.
You have claws for hands.
Your natural rate of healing is unusually fast.
You are covered in fur. (AC +1)
You have tough skin. (AC +1)


Message History

l - 3 scrolls labelled VUCYATRORA (gained 1)
An endoplasm comes into view.
The endoplasm quivers.
The endoplasm closely misses you.
You claw the endoplasm!
You kill the endoplasm!
No target in view!
No target in view!
No target in view!
No target in view!
No target in view!
No target in view!
No target in view!
No target in view!
No target in view!
No target in view!
There is an entrance to Oxuaroto's General Store here.
You see here 5 stones.
You see here 5 stones.
There is an entrance to Oxuaroto's General Store here.
Crazy Yiuf shouts!
Crazy Yiuf flaps his cloak.
Could not explore, unopened runed door.
Could not explore, unopened runed door.
You open the door. You claw Crazy Yiuf!
Crazy Yiuf is heavily wounded.
Crazy Yiuf hits you with a +4 quarterstaff of chaos!
Crazy Yiuf burns you.
You scratch Crazy Yiuf.
Crazy Yiuf is heavily wounded.
You scratch Crazy Yiuf.
Crazy Yiuf is severely wounded.
Crazy Yiuf hits you with a +4 quarterstaff of chaos!
Crazy Yiuf freezes you.
* * * LOW HITPOINT WARNING * * *
You barely miss Crazy Yiuf.
Crazy Yiuf is severely wounded.
Crazy Yiuf hits you with a +4 quarterstaff of chaos!
You die...

#.##.# #.# #.##.# #.#
#.##.# #.# ######
###### ### ##....#
##...### ##.###.#####
### ...# #.....##
###..)#
##.###......####hg...#
###...#......#..##...#
#....###....#.### ###
#.#### ######## ∩.#
..########## ###
#..........# #.#
##########.##########.#
#............#


You could see Crazy Yiuf.

Vanquished Creatures
  2 adders (D:2)
  2 ribbon worms (D:2)
  2 endoplasms (D:2)
  2 giant cockroaches
  2 goblins (D:1)
  4 hobgoblins (D:2)
  2 quokkas
  7 ball pythons (D:2)
  4 bats
  3 frilled lizards
30 creatures vanquished.

Notes
Turn   | Place    | Note
-------+----------+-------------------------------------------
     0 | D:1      | Alphaeus the Troll Shapeshifter began the quest for the
                  | Orb.
     0 | D:1      | Reached XP level 1. HP: 18/18 MP: 0/0
    87 | D:1      | Found a faded altar of an unknown god.
   158 | D:1      | Reached skill level 1 in Fighting
   458 | D:2      | Reached XP level 2. HP: 27/27 MP: 1/1
   459 | D:2      | Found Lolisch's Jewellery Emporium.
   526 | D:2      | Noticed a +0 quick blade
   529 | D:2      | Found Ivoen's Weapon Shop.
   533 | D:2      | Noticed a +0 demon trident
   546 | D:2      | Reached XP level 3. HP: 33/33 MP: 2/2
   758 | D:2      | Found Xvxr Cyckusch's Assorted Antiques.
   966 | D:2      | Found Oxuaroto's General Store.
   975 | D:2      | Bought a potion of heal wounds for 60 gold pieces
  1009 | D:2      | Found a runed translucent door.
  1010 | D:2      | Noticed Crazy Yiuf
  1239 | D:2      | Slain by Crazy Yiuf

Illustrated notes

Levels and vault maps discovered:
D:1:      mrwooster_arrival_statue_2, layout_basic,
          hellmonk_ecumenical_altar_pennies_from_heaven,
          roderic_cross_of_infinity
D:2:      layout_loops_ring, serial_shops, nicolae_shop_peninsula,
          nicolae_shop_mannequins, nicolae_diamond_shop, shop,
          uniq_crazy_yiuf_cottage

Skill      XL: |  1 |
---------------+----+-----
Fighting       | 1 |  1.4
Dodging        | |  1.5
Unarmed Combat | |  3.7
Shapeshifting  | |  3.6

Action                     || total
---------------------------++-------
  Melee: Unarmed           ||    84
 Armour: Animal skin       ||    62
  Dodge: Dodged            ||    39
